 Dungeon Crawl Stone Soup version 0.23-a0-642-g3120c2f5a9 (webtiles) character file.

2046 HereIgoKillingAgain the Thaumaturge (level 9, 0/45 HPs)
             Began as a Deep Elf Fire Elementalist on Dec 31, 2018.
             Was a Priest of Sif Muna.
             Slain by a wight
             ... wielding a cursed +0 flail
              (5 damage)
             ... on level 7 of the Dungeon.
             The game lasted 00:09:08 (5981 turns).

HereIgoKillingAgain the Thaumaturge (DEFE)          Turns: 5981, Time: 00:09:09

Health: 0/45       AC:  5    Str:  5    XL:     9   Next: 4%
Magic:  1/23       EV: 12    Int: 24    God:    Sif Muna [***...]
Gold:   366        SH:  0    Dex: 15    Spells: 12/25 levels left

rFire    . . .     SeeInvis .   i - +1 dagger (elec)
rCold    + . .     Gourm    .   (no shield)
rNeg     . . .     Faith    .   a - +0 robe
rPois    .         Spirit   .   u - +0 helmet
rElec    .         Reflect  .   r - +0 cloak
rCorr    .         Harm     .   j - +0 pair of gloves
MR       .....                  (no boots)
Stlth    ++........             (no amulet)
HPRegen  0.15/turn              e - ring of wizardry
MPRegen  0.18/turn              o - ring of protection from cold

@: drained
A: no striking features
a: Divine Energy, Channel Magic, Renounce Religion


You were on level 7 of the Dungeon.
You worshipped Sif Muna.
Sif Muna was most pleased with you.
You were not hungry.

You visited 1 branch of the dungeon, and saw 7 of its levels.

You collected 366 gold pieces.

Inventory:

Hand Weapons
 i - a +1 dagger of electrocution (weapon)
Armour
 a - a +0 robe (worn)
 g - a +0 buckler
 j - a +0 pair of gloves (worn)
 r - a +0 cloak (worn)
 u - a +0 helmet (worn)
Jewellery
 e - a ring of wizardry (left hand)
 o - a ring of protection from cold (right hand)
 v - a +3 ring of strength
Scrolls
 b - 2 scrolls of remove curse
 d - 2 scrolls of teleportation
 h - 4 scrolls of fog
 k - 2 scrolls of enchant weapon
 m - a scroll of immolation
 n - 2 scrolls of magic mapping
 x - 2 scrolls of amnesia
 y - a scroll of blinking {unknown}
 z - a scroll of silence {unknown}
Potions
 f - 3 potions of heal wounds
 l - a potion of curing
 p - a potion of agility
 q - a potion of mutation
 s - a potion of haste
 t - a potion of ambrosia
 w - a potion of flight
Comestibles
 c - 8 rations


   Skills:
 - Level 2.4(1.8) Dodging
 - Level 2.4(1.8) Stealth
 - Level 4.1(3.5) Shields
 + Level 8.6(7.9) Spellcasting
 + Level 6.7(6.1) Conjurations
 + Level 7.5(6.8) Fire Magic


You had 12 spell levels left.
You knew the following spells:

 Your Spells              Type           Power        Failure   Level  Hunger
a - Flame Tongue          Conj/Fire      #####        1%          1    None
b - Conjure Flame         Conj/Fire      #####...     1%          3    None
c - Sticky Flame          Conj/Fire      #####...     1%          4    ##.....
d - Fireball              Conj/Fire      #####.....   5%          5    #####..

Your spell library contained the following spells:

 Spells                   Type           Power        Failure   Level  Hunger
 Throw Flame              Conj/Fire      #####.       1%          2    None
 Inner Flame              Hex/Fire       ####....     1%          3    None


Dungeon Overview and Level Annotations

Branches:
Dungeon (7/15)             Temple (0/1) D:5

Altars:
Ashenzari
Dithmenos
Fedhas
Makhleb
Sif Muna

Shops:
D:5 *


Message History

The wight is severely damaged.
The wight hits you with a cursed +0 flail.
Casting: Flame Tongue (safe; 1% risk of failure)
Confirm with . or Enter, or press ? or * to list all spells.
Aiming: Flame Tongue (safe; 1% risk of failure)
Press: ? - help, Shift-Dir - straight line, f/p - wight
Aim: a wight, wielding a +0 flail and wearing a +0 robe (severely damaged)
The flame tongue misses the wight.
A crimson imp comes into view.
The wight hits you with a cursed +0 flail!
* * * LOW HITPOINT WARNING * * *
Casting: Flame Tongue (safe; 1% risk of failure)
Confirm with . or Enter, or press ? or * to list all spells.
Aiming: Flame Tongue (safe; 1% risk of failure)
Press: ? - help, Shift-Dir - straight line, f/p - wight
Aim: a wight, wielding a +0 flail and wearing a +0 robe (severely damaged)
The flame tongue hits the wight.
The wight appears unharmed.
The wight is severely damaged.
The wight hits you with a cursed +0 flail.
You die...

... ..... #.... ...
## .... #.### ... #.
...##.# #.##. #.##..#
#.#. #.##.## #.'
#.'..# #5# #.####
##z## ##.## ##..@##
##...##
#.....#####.†...# ##
#...............# ##.
#.....#####.....###..
##...## ##...###..#
##### ##### #.## #.#.
#... #..#


You could see a wight and a crimson imp.

Vanquished Creatures
  A hungry ghost (D:7)
  3 ice beasts
  2 sky beasts
  A black bear (D:7)
  3 ogres
  A phantom (D:6)
  2 big kobolds (D:7)
  5 wights (D:6)
  2 howler monkeys
  3 crimson imps
  2 orc priests
  2 hounds
  An iguana (D:7)
  Terence (D:2)
  2 orc wizards (D:7)
  2 worker ants
  A hound zombie (D:7)
  2 hound skeletons (D:5)
  A worker ant zombie (D:6)
  8 adders
  2 adder skeletons
  An adder zombie (D:7)
  3 worms
  A dart slug (D:1)
  4 leopard geckos
  7 orcs
  A ball python (D:4)
  3 giant cockroaches
  6 goblins
  5 hobgoblins
  13 jackals
  3 quokkas
  5 bats
  4 frilled lizards
  2 jackal skeletons
  10 kobolds
  A leopard gecko skeleton (D:4)
  A leopard gecko zombie (D:5)
  A quokka skeleton (D:4)
  A quokka zombie (D:5)
  5 rats
124 creatures vanquished.

Notes
Turn   | Place    | Note
-------+----------+-------------------------------------------
     0 | D:1      | HereIgoKillingAgain the Deep Elf Fire Elementalist began
                  | the quest for the Orb.
     0 | D:1      | Reached XP level 1. HP: 10/10 MP: 6/6
   319 | D:1      | Reached XP level 2. HP: 15/15 MP: 5/8
  1189 | D:2      | Reached XP level 3. HP: 19/19 MP: 7/10
  1366 | D:2      | Noticed Terence
  1377 | D:2      | Killed Terence
  1377 | D:2      | Reached skill level 1 in Shields
  1377 | D:2      | Reached skill level 4 in Spellcasting
  1377 | D:2      | Reached XP level 4. HP: 22/24 MP: 1/12
  1468 | D:2      | Learned a level 3 spell: Conjure Flame
  1473 | D:2      | Learned a level 4 spell: Sticky Flame
  1807 | D:3      | Found a deep blue altar of Sif Muna.
  1853 | D:3      | Became a worshipper of Sif Muna the Loreminder
  2551 | D:4      | Found a burning altar of Makhleb.
  2771 | D:4      | Found a shattered altar of Ashenzari.
  2780 | D:4      | Got a twisted trident
  2784 | D:4      | Identified the cursed +0 trident of Sharkskin {pierce, rN+
                  | Stlth+} (You found it on level 4 of the Dungeon)
  2791 | D:4      | Reached XP level 5. HP: 19/28 MP: 4/13
  3405 | D:5      | Entered Level 5 of the Dungeon
  3408 | D:5      | Noticed an ice beast
  3495 | D:5      | Found a staircase to the Ecumenical Temple.
  3495 | D:5      | Noticed a sky beast
  3513 | D:5      | Killed a sky beast
  3513 | D:5      | Reached * piety under Sif Muna
  3513 | D:5      | Reached skill level 5 in Spellcasting
  3513 | D:5      | Reached XP level 6. HP: 16/32 MP: 0/15
  3692 | D:5      | Reached skill level 5 in Fire Magic
  3883 | D:5      | Noticed an ice beast
  3884 | D:5      | Found Citegg's Commerce Corner.
  3887 | D:5      | Killed an ice beast
  3887 | D:5      | Reached XP level 7. HP: 36/36 MP: 10/17
  3937 | D:5      | Reached skill level 6 in Spellcasting
  4369 | D:6      | Learned a level 5 spell: Fireball
  4388 | D:6      | Got a shimmering chain mail
  4389 | D:6      | Identified the +7 chain mail of Snakes and Ladders {rN+}
                  | (You found it on level 6 of the Dungeon)
  4663 | D:6      | Reached skill level 5 in Conjurations
  4671 | D:6      | Reached ** piety under Sif Muna
  4671 | D:6      | Reached XP level 8. HP: 31/41 MP: 10/20
  4816 | D:6      | Reached skill level 7 in Spellcasting
  4847 | D:6      | Found a blossoming altar of Fedhas.
  5210 | D:7      | Found a shadowy altar of Dithmenos.
  5826 | D:7      | Reached skill level 8 in Spellcasting
  5916 | D:7      | Reached *** piety under Sif Muna
  5970 | D:7      | Reached XP level 9. HP: 43/45 MP: 9/23
  5981 | D:7      | Slain by a wight

Vault maps used:
D:1:      lemuel_arrival_hallway
D:2:      first_ration, uniq_terence
D:3:      lemuel_blue_sif_altar
D:4:      old_standard_altar, bloody_makhleb, grunt_decor_resistance
D:5:      minmay_temple_entry_tees, serial_rivers,
          chequers_serial_rivers_large_a, chequers_serial_rivers_micro_b,
          chequers_serial_rivers_large_b, chequers_serial_rivers_room_a,
          nicolae_alphabet_shops
D:6:      old_standard_altar
D:7:      minmay_octagon_keep, gammafunk_temple_overflow_claw, basic_altar,
          serial_shops, shop, grunt_livestock, st_stairs_11,
          chequers_serial_rivers_micro_c

Skill      XL: |  1  2  3  4  5  6  7  8 |
---------------+-------------------------+-----
Conjurations   | 2 3 4 5 6 |  6.7
Shields        | 1 2 3 4 |  4.1
Spellcasting   | 4 5 6 8 |  8.6
Fire Magic     | 4 5 6 7 |  7.5
Dodging        | |  2.4
Stealth        | |  2.4

Action                   |  1- 3 |  4- 6 |  7- 9 || total
-------------------------+-------+-------+-------++-------
Melee: Unarmed           |     2 |     3 |       ||     5
       Trident           |       |     3 |       ||     3
       Dagger            |       |    17 |    42 ||    59
 Cast: Flame Tongue      |    56 |   104 |   139 ||   299
       Sticky Flame      |       |     5 |     7 ||    12
       Conjure Flame     |       |     2 |     3 ||     5
       Fireball          |       |       |     4 ||     4
Invok: Divine Energy     |       |       |     1 ||     1
       Stop Divine Energ |       |       |     1 ||     1
  Use: Scroll            |     4 |     8 |     4 ||    16
       Potion            |       |     3 |       ||     3
 Stab: Sleeping          |       |     2 |     1 ||     3
  Eat: Chunk             |     1 |     3 |     1 ||     5
       Ration            |       |     2 |     4 ||     6
Armor: Robe              |     2 |    11 |    27 ||    40
Dodge: Dodged            |    18 |    47 |    68 ||   133

Table legend:
 A = Non-vault XP
 B = Vault XP
 C = Vault XP percentage of total XP
 D = Non-vault monster count
 E = Vault monster count
 F = Vault count percentage of total count
                 A         B        C        D         E       F
            +---------+---------+-------+---------+---------+-------
      Total |    2346 |     577 |  19.7 |     118 |       6 |   4.8
            +---------+---------+-------+---------+---------+-------
        D:1 |      17 |       0 |   0.0 |      10 |       0 |   0.0
        D:2 |      57 |      36 |  38.7 |      19 |       1 |   5.0
        D:3 |      51 |       0 |   0.0 |      19 |       0 |   0.0
        D:4 |     154 |       0 |   0.0 |      18 |       0 |   0.0
        D:5 |     745 |       0 |   0.0 |      20 |       0 |   0.0
        D:6 |     605 |       0 |   0.0 |      10 |       0 |   0.0
        D:7 |     717 |     541 |  43.0 |      22 |       5 |  18.5
            +---------+---------+-------+---------+---------+-------
